 Dungeon Crawl Stone Soup version 0.20-a0-1114-g33edf32 (webtiles) character file.

96386 nubinia the Geomancer (level 16, -7/103 HPs)
             Began as a Gargoyle Earth Elementalist on May 5, 2017.
             Was a High Priest of Sif Muna.
             Mangled by a tentacle (10 damage)
             ... attached to a kraken
             ... on level 2 of the Shoals on May 6, 2017.
             The game lasted 02:54:04 (22861 turns).

nubinia the Geomancer (GrEE)                       Turns: 22861, Time: 02:54:05

Health: -7/103     AC: 26    Str: 17    XL:     16   Next: 16%
Magic:  16/57      EV: 16    Int: 27    God:    Sif Muna [*****.]
Gold:   939        SH:  7    Dex: 15    Spells: 2/34 levels left

rFire    + . .     SeeInvis +   Y - +4 morningstar "Gefisolio" {drain, rC+ MP+9 Dex+3}
rCold    + + .     Gourm    .   U - +1 buckler of Tolust {Str+3 Int+3}
rNeg     + . .     Faith    .   c - +3 leather armour {rF+}
rPois    ∞         Spirit   .   Q - +3 hat of Pondering {ponderous, MR+ MP+10 Int+5}
rElec    +         Reflect  .   Z - scarf {repulsion}
rCorr    .         Harm     .   H - +0 pair of gloves
MR       +....                  o - +2 pair of boots "Woytacawki" {rC+ MR- SInv}
Stlth    ++++......             h - amulet of regeneration
Regen    0.7/turn               P - ring of stealth
MPRegen  0.4/turn               l - ring of magical power

@: flying, divine energy, repel missiles, slow
A: big wings, negative energy resistance 1, robust 1, shaggy fur 1, electricity
resistance, unbreathing, petrification resistance, rot immunity, AC +11
a: Stop Flying, Stop Divine Energy, Channel Magic, Forget Spell, Renounce
Religion


You were on level 2 of the Shoals.
You worshipped Sif Muna.
Sif Muna was extremely pleased with you.
You were hungry.

You visited 5 branches of the dungeon, and saw 23 of its levels.
You also visited: Ice Cave and Volcano.

You collected 2231 gold pieces.
You spent 1292 gold pieces at shops.

Inventory:

Hand Weapons
 d - a +4 mace of protection
 K - a +0 blowgun
 X - the +5 quarterstaff of a labyrinth {flame, rN++ Stlth+}
   (You found it on level 10 of the Dungeon)

   It has been specially enchanted to burn those struck by it, causing extra
   injury to most foes and up to half again as much damage against particularly
   susceptible opponents.
   It greatly protects you from negative energy.
   It makes you more stealthy.
 Y - the +4 morningstar "Gefisolio" (weapon) {drain, rC+ MP+9 Dex+3}
   (You bought it in a shop on level 10 of the Dungeon)

   A truly terrible weapon, it drains the life of those it strikes.
   It affects your dexterity (+3).
   It protects you from cold.
   It affects your magic capacity (+9).
Missiles
 a - 15 poisoned needles
 b - 398 stones (quivered)
 p - 5 curare-tipped needles
Armour
 c - a +3 leather armour of fire resistance (worn)
 n - a +2 shield of protection
 o - the +2 pair of boots "Woytacawki" (worn) {rC+ MR- SInv}
   (You found it in an ice cave)

   It protects you from cold.
   It affects your resistance to hostile enchantments.
   It lets you see invisible.
 H - a +0 pair of gloves (worn)
 Q - the +3 hat of Pondering (worn) {ponderous, MR+ MP+10 Int+5}
   (You took it off Gastronok on level 2 of the Lair of Beasts)

   It affects your intelligence (+5).
   It affects your resistance to hostile enchantments.
   It affects your magic capacity (+10).
 U - the +1 buckler of Tolust (worn) {Str+3 Int+3}
   (You found it on level 2 of the Lair of Beasts)

   It affects your strength (+3).
   It affects your intelligence (+3).
 Z - a scarf of repulsion (worn)
Jewellery
 h - an amulet of regeneration (around neck)
 j - the ring of Yzas {rC+ MR+ Str+4 Stlth+, unknown}
   (You found it in an ice cave)

   [ring of strength]

   It affects your strength (+4).
   It protects you from cold.
   It affects your resistance to hostile enchantments.
   It makes you more stealthy.
 l - a ring of magical power (right hand)
 F - a +4 ring of intelligence
 P - a ring of stealth (left hand)
 V - a +2 ring of strength
 W - an uncursed ring of fire
Wands
 x - a wand of iceblast (15/15)
 D - a wand of clouds (1/9)
 J - a wand of acid (2/15)
 N - a wand of scattershot (4/9)
 O - a wand of iceblast (7/15)
 S - a wand of digging (5/24)
Scrolls
 e - a scroll of amnesia
 s - 4 scrolls of blinking
 t - 2 scrolls of recharging
 y - 3 scrolls of fog
 z - 4 scrolls of teleportation
 L - 5 scrolls of fear
 M - a scroll of enchant armour
 T - 5 scrolls of remove curse
Potions
 f - a potion of flight
 g - 4 potions of heal wounds
 i - a potion of brilliance
 k - a potion of invisibility
 m - a potion of berserk rage
 v - 2 potions of cancellation
 A - 4 potions of curing
 E - 3 potions of agility
 G - 2 potions of haste
 I - 5 potions of might
 R - 3 potions of ambrosia
Books
 r - Sif Muna's Almanac of Creative Combat Magic
   (Sif Muna gifted it to you on level 1 of the Shoals)

   Spells                             Type                      Level
   a - Magic Dart                     Conjuration                  1
   b - Throw Flame                    Conjuration/Fire             2
   c - Conjure Flame                  Conjuration/Fire             3
   d - Iskenderun's Mystic Blast      Conjuration                  4
   e - Fireball                       Conjuration/Fire             5
   f - Bolt of Fire                   Conjuration/Fire             6
   g - Spellforged Servitor           Conjuration/Summoning        7
Miscellaneous
 q - a lightning rod (3/4)
Comestibles
 B - 2 royal jellies


   Skills:
 + Level 8.5 Fighting
 + Level 11.5(11.8) Maces & Flails
 - Level 3.7(8.4) Staves
 + Level 5.1 Armour
 + Level 6.9 Dodging
 + Level 6.4 Stealth
 + Level 9.5 Shields
 * Level 9.5 Spellcasting
 * Level 12.3 Conjurations
 + Level 3.1 Charms
 + Level 1.6 Translocations
 + Level 1.1 Transmutations
 + Level 2.0 Fire Magic
 + Level 5.3 Ice Magic
 * Level 14.6 Earth Magic
 + Level 0.2 Invocations
 + Level 0.5 Evocations


You had 2 spell levels left.
You knew the following spells:

 Your Spells              Type           Power        Failure   Level  Hunger
a - Sandblast             Erth           ######       0%          1    None
b - Stone Arrow           Conj/Erth      ######       1%          3    None
c - Petrify               Tmut/Erth      ######..     1%          4    None
d - Iron Shot             Conj/Erth      ######....   3%          6    #####..
e - Sticky Flame          Conj/Fire      ######..     2%          4    None
f - Force Lance           Conj/Tloc      ######..     3%          4    None
l - Lee's Rapid Deconstr  Erth           #######...   1%          5    ####...
o - Ozocubu's Armour      Chrm/Ice       #####...     2%          3    None
p - Passwall              Tmut/Erth      ######....   1%          2    None


Dungeon Overview and Level Annotations

Branches:
Dungeon (12/15)            Temple (1/1) D:4            Lair (6/6) D:10
 Shoals (2/4) Lair:4       Spider (0/4) Lair:4        Slime (0/5) Lair:6
    Orc (2/2) D:12            Elf (0/3) Orc:2

Altars:
Ashenzari
Cheibriados
Elyvilon
Fedhas
Gozag
Hepliaklqana
Nemelex Xobeh
Qazlal
Sif Muna
Trog
Uskayaw
Vehumet
Wu Jian
Xom
Yredelemnul
Zin
The Shining One
Jiyva

Shops:
D:10 (   Orc:2 ([:*

Annotations:
D:4 Dowan, Duvessa
D:9 exclusion: oklob plant
D:11 Erolcha
Lair:3 exclusion: 3 oklob plants


Innate Abilities, Weirdness & Mutations

You are resistant to torment.
Your stone body is resilient. (AC +11)
You are immune to poison.
Your large and strong wings let you fly indefinitely.
You resist negative energy. (rN+)
You are resistant to electric shocks. (rElec)
You can survive without breathing.
You are immune to petrification.
You are immune to rotting.
You are robust. (+10% HP)
You are covered in fur. (AC +1)


Message History

The tentacle slaps you!
* * * LOW HITPOINT WARNING * * *
Casting: Force Lance
Confirm with . or Enter, or press ? or * to list all spells.
Aiming: Force Lance
Press: ? - help, Shift-Dir - straight line, f/p - kraken
Aim: a kraken (ink, water, severely wounded, lightly drained)
The lance of force hits the kraken.
The kraken is almost dead.
The tentacle barely misses you. The tentacle slaps you!
* * * LOW HITPOINT WARNING * * *
The tentacle slaps you but does no damage.
The tentacle slaps you!
* * * LOW HITPOINT WARNING * * *
A tentacle segment bursts forth from the water. x2
The kraken squirts a massive cloud of ink into the water!
The tentacle completely misses you.
The tentacle slaps you but does no damage.
The tentacle slaps you!
You die...

...≈≈≈≈≈........≈
.≈≈≈≈≈≈≈≈≈≈≈...≈≈
≈≈≈≈≈≈≈≈≈≈≈..#
≈≈≈≈≈≈≈≈≈≈≈..# ...
≈≈≈≈≈≈≈≈≈.<..#....
≈≈≈≈≈≈≈≈≈.........
≈≈≈≈≈§§§§§.....≈..
≈≈≈≈≈§w§§§..#..≈≈≈
≈≈≈≈≈§w@§......≈≈≈
≈≈≈≈§§Xww≈......≈≈
≈≈≈≈≈§§§§§≈≈≈...≈≈
≈≈≈≈≈≈§≈≈≈≈≈≈≈≈≈≈≈
≈≈≈≈≈≈≈≈≈≈≈≈≈≈≈≈≈
≈≈≈≈≈≈≈≈≈≈≈≈≈≈≈≈≈
≈≈≈≈≈≈≈≈≈≈≈≈≈≈≈≈
≈≈≈≈≈≈≈≈≈≈≈≈≈≈≈


You could see a kraken and 4 tentacles.

Vanquished Creatures
  Rupert (Lair:4)
  Gastronok (Lair:2)
  An orc warlord (Orc:2)
  2 entropy weavers
  A red draconian (Volcano)
  A merfolk impaler (Shoals:1)
  4 hydras
  An ice dragon (Shoals:1)
  The ghost of Paps the Blocker, a journeyman GrFi of Gozag (D:10)
  9 two-headed ogres
  A centaur warrior (D:12)
  2 catoblepae (Lair:5)
  An ogre mage (Volcano)
  Erica (D:11)
  3 merfolk avatars (Shoals:1)
  A queen ant (Lair:6)
  6 death yaks (Lair:6)
  3 orc high priests (Orc:2)
  Urug (Orc:1)
  14 spriggans (Lair:6)
  Sonja (D:11)
  An unseen horror (D:12)
  5 sea snakes (Shoals:1)
  An orb spider (Lair:4)
  8 harpies (Shoals:1)
  An oklob plant (Lair:3)
  3 orc knights
  2 cyclopes (Shoals:1)
  4 orc sorcerers
  3 manticores
  2 ugly things
  6 elephants
  A merfolk siren (Shoals:2)
  2 centaur zombies
  18 spiny frogs
  2 centaur skeletons
  3 black mambas
  7 komodo dragons
  3 rime drakes
  4 ice devils (IceCv)
  2 freezing wraiths (IceCv)
  6 trolls
  5 hornets (Lair:6)
  3 merfolk (Shoals:1)
  A wolf spider simulacrum (IceCv)
  5 polar bears (Lair:6)
  22 blink frogs
  11 hippogriffs
  2 wind drakes (Shoals:1)
  2 snapping turtles (Shoals:1)
  12 dream sheep
  4 water elementals (Shoals:1)
  2 wraiths
  5 wyverns
  A basilisk (Lair:6)
  A human (D:8)
  21 yaks
  3 hogs (D:8)
  2 hungry ghosts
  Grum (D:8)
  6 wargs
  Menkaure (D:4)
  A harpy simulacrum (IceCv)
  16 water moccasins
  8 porcupines
  26 soldier ants
  A phantom (D:12)
  25 orc warriors
  A hornet zombie (D:8)
  4 ice beasts
  4 black bears
  2 necrophages
  An eye of draining (D:8)
  A sky beast (D:8)
  2 alligator simulacra (IceCv)
  3 boggarts (Lair:6)
  4 ogres
  30 wolves
  3 centaurs
  9 crocodiles
  14 bullfrogs
  5 scorpions
  7 killer bees
  3 wights (D:8)
  3 howler monkeys (D:12)
  An electric eel (D:7)
  A bullfrog zombie (D:6)
  4 crimson imps
  6 hounds
  A lava snake (Lair:6)
  2 bullfrog skeletons
  A gnoll shaman (D:4)
  A jelly (D:11)
  10 orc priests
  17 orc wizards
  Ijyb (D:3)
  3 iguanas
  A spriggan simulacrum (IceCv)
  29 worker ants
  4 centaur simulacra (IceCv)
  A hound zombie (D:6)
  A hound skeleton (D:5)
  2 howler monkey zombies (D:9)
  A worker ant zombie (D:7)
  3 gnolls
  2 howler monkey skeletons
  A naga simulacrum (IceCv)
  An ogre simulacrum (IceCv)
  12 adders
  6 shadow imps
  4 white imps (IceCv)
  4 ufetubi (IceCv)
  An ooze (D:3)
  2 adder skeletons
  2 worms (D:3)
  5 dart slugs
  7 leopard geckos
  56 orcs
  A ball python (D:1)
  4 bats
  2 giant cockroaches
  10 goblins
  12 hobgoblins
  11 jackals
  7 kobolds
  5 quokkas
  3 frilled lizards
  3 rats
  A fungus (Lair:3)
  3 plants
678 creatures vanquished.

Vanquished Creatures (others)
  An ufetubus (IceCv)
  An orc (D:11)
  A bat (D:3)
  2 bushes (Lair:6)
  34 fungi
  26 plants
  4 tentacles (Shoals:2)
69 creatures vanquished.

Grand Total: 747 creatures vanquished

Notes
Turn   | Place    | Note
-------+----------+-------------------------------------------
     0 | D:1      | nubinia the Gargoyle Earth Elementalist began the quest for the Orb.
     0 | D:1      | Reached XP level 1. HP: 10/10 MP: 3/3
   207 | D:1      | Reached skill level 4 in Earth Magic
   210 | D:1      | Reached XP level 2. HP: 5/15 MP: 3/5
   384 | D:1      | Learned a level 2 spell: Passwall
   788 | D:1      | Reached XP level 3. HP: 9/19 MP: 6/6
   813 | D:1      | Learned a level 3 spell: Stone Arrow
   988 | D:2      | Found a faded altar of an unknown god.
  1017 | D:2      | Found an opulent altar of Gozag.
  1300 | D:2      | Reached skill level 1 in Maces & Flails
  1300 | D:2      | Reached XP level 4. HP: 22/24 MP: 7/7
  1422 | D:2      | Reached skill level 1 in Fighting
  1500 | D:2      | Gained mutation: You are robust. (+10% HP) [potion of mutation]
  1500 | D:2      | Gained mutation: You are covered in fur. (AC +1) [potion of mutation]
  1541 | D:3      | Found a white marble altar of Elyvilon.
  1600 | D:3      | Noticed Ijyb
  1641 | D:3      | Killed Ijyb
  1641 | D:3      | Reached skill level 1 in Armour
  1641 | D:3      | Reached skill level 1 in Conjurations
  1641 | D:3      | Reached XP level 5. HP: 31/31 MP: 8/8
  1692 | D:3      | Noticed a centaur
  1717 | D:3      | You fall through a shaft!
  1829 | D:4      | Noticed Menkaure
  1871 | D:3      | Killed a centaur
  1871 | D:3      | Reached XP level 6. HP: 5/37 MP: 8/10
  2302 | D:3      | Reached skill level 5 in Earth Magic
  2683 | D:4      | Reached XP level 7. HP: 36/42 MP: 11/11
  2841 | D:4      | Noticed Duvessa
  2843 | D:4      | Noticed Dowan
  2850 | D:5      | Entered Level 5 of the Dungeon
  3513 | D:4      | Reached XP level 8. HP: 39/48 MP: 12/12
  3726 | D:4      | Found a staircase to the Ecumenical Temple.
  3733 | Temple   | Entered the Ecumenical Temple
  3753 | Temple   | Became a worshipper of Sif Muna the Loreminder
  3823 | D:4      | Killed Menkaure
  4441 | D:6      | Reached skill level 5 in Maces & Flails
  4517 | D:6      | Found a shimmering altar of Xom.
  4533 | D:6      | Reached skill level 6 in Earth Magic
  4929 | D:8      | Noticed Grum
  4936 | D:8      | Reached XP level 9. HP: 53/53 MP: 14/14
  5116 | D:8      | Found a hazy altar of Hepliaklqana.
  5187 | D:8      | Reached skill level 5 in Conjurations
  5331 | D:7      | Reached * piety under Sif Muna
  5384 | D:7      | Found a shattered altar of Ashenzari.
  5385 | D:7      | Found a bloodstained altar of Trog.
  5385 | D:7      | Found a radiant altar of Vehumet.
  5387 | D:7      | Found a stormy altar of Qazlal.
  5908 | D:8      | Killed Grum
  5908 | D:8      | Reached skill level 7 in Earth Magic
  6080 | D:8      | Noticed a cyan ugly thing
  6372 | D:8      | Reached XP level 10. HP: 60/61 MP: 16/16
  6568 | D:9      | Found a glowing silver altar of Zin.
  6599 | D:9      | Reached skill level 8 in Earth Magic
  6673 | D:9      | Found a blossoming altar of Fedhas.
  6725 | D:9      | Noticed an oklob plant
  6839 | D:9      | Reached ** piety under Sif Muna
  7307 | D:10     | Entered Level 10 of the Dungeon
  7307 | D:10     | Noticed a two-headed ogre
  7311 | D:10     | Killed a two-headed ogre
  7371 | D:10     | Noticed Paps's ghost (journeyman GrFi)
  7560 | D:10     | Found a glowing silver altar of Zin.
  7573 | D:10     | Killed a cyan ugly thing
  7594 | D:10     | Learned a level 5 spell: Lee's Rapid Deconstruction
  7846 | D:10     | Noticed a two-headed ogre
  7855 | D:10     | Killed a two-headed ogre
  7855 | D:10     | Reached skill level 9 in Earth Magic
  7855 | D:10     | Reached XP level 11. HP: 60/68 MP: 8/17
  7881 | D:10     | Found Ufialuet's Weapon Shoppe.
  7946 | D:10     | Found a staircase to the Lair.
  8000 | D:9      | Reached skill level 5 in Fighting
  8525 | D:10     | Got a fine quarterstaff
  8526 | D:10     | Identified the +5 quarterstaff of a labyrinth {flame, rN++ Stlth+} (You found it on level 10 of the Dungeon)
  8898 | D:10     | Killed Paps's ghost
  8972 | D:10     | Reached *** piety under Sif Muna
  8972 | D:10     | Reached skill level 5 in Spellcasting
  9026 | Lair:1   | Entered Level 1 of the Lair of Beasts
  9144 | Lair:1   | Reached skill level 1 in Staves
  9474 | Lair:1   | Reached skill level 5 in Stealth
  9933 | Lair:1   | Reached skill level 5 in Dodging
 10050 | Lair:2   | Reached skill level 10 in Earth Magic
 10137 | Lair:2   | Got a fine buckler
 10143 | Lair:2   | Identified the +1 buckler of Tolust {Str+3 Int+3} (You found it on level 2 of the Lair of Beasts)
 10171 | Lair:2   | Noticed Gastronok
 10466 | Lair:2   | Noticed a six-headed hydra
 10569 | Lair:2   | Reached **** piety under Sif Muna
 10916 | Lair:2   | Reached XP level 12. HP: 78/78 MP: 20/20
 11225 | Lair:3   | Noticed an eight-headed hydra
 11235 | Lair:3   | Killed an eight-headed hydra
 11267 | Lair:3   | Found a dark tunnel.
 11315 | Volcano  | Entered a volcano
 11331 | Volcano  | Noticed an ogre mage
 11345 | Volcano  | Killed an ogre mage
 11345 | Volcano  | Reached skill level 1 in Shields
 11346 | Volcano  | Found a bloodstained altar of Trog.
 11347 | Volcano  | Noticed a red draconian
 11355 | Volcano  | Noticed a two-headed ogre
 11359 | Volcano  | Noticed a two-headed ogre
 11366 | Volcano  | Noticed a two-headed ogre
 11366 | Volcano  | Killed a two-headed ogre
 11377 | Volcano  | Killed a two-headed ogre
 11380 | Volcano  | Killed a red draconian
 11382 | Volcano  | Noticed a two-headed ogre
 11388 | Volcano  | Noticed a two-headed ogre
 11391 | Volcano  | Noticed a two-headed ogre
 11394 | Volcano  | Killed a two-headed ogre
 11394 | Volcano  | Reached skill level 11 in Earth Magic
 11440 | Volcano  | Killed a two-headed ogre
 11555 | Volcano  | Killed a two-headed ogre
 11564 | Volcano  | Killed a two-headed ogre
 12237 | Lair:2   | Killed Gastronok
 12237 | Lair:2   | Reached skill level 12 in Earth Magic
 12237 | Lair:2   | Reached XP level 13. HP: 43/83 MP: 2/23
 12319 | Lair:3   | Reached skill level 10 in Conjurations
 12346 | Lair:3   | Reached ***** piety under Sif Muna
 12348 | Lair:3   | Identified Sif Muna's Handbook of Conjuration (Sif Muna gifted it to you on level 3 of the Lair of Beasts)
 12348 | Lair:3   | Received a gift from Sif Muna
 12359 | Lair:3   | Learned a level 4 spell: Petrify
 12363 | Lair:3   | Learned a level 3 spell: Ozocubu's Armour
 12654 | Lair:3   | Reached skill level 1 in Charms
 12862 | Lair:4   | Reached skill level 1 in Ice Magic
 12874 | Lair:4   | Found a hole to the Spider Nest.
 12965 | Lair:4   | Reached skill level 10 in Maces & Flails
 13049 | Lair:4   | Found a staircase to the Shoals.
 13068 | Lair:4   | Noticed Rupert
 13346 | Lair:4   | Killed Rupert
 13764 | D:10     | Bought the +4 morningstar "Gefisolio" {drain, rC+ MP+9 Dex+3} for 929 gold pieces
 14932 | Lair:5   | Learned a level 4 spell: Sticky Flame
 15049 | Lair:5   | Reached skill level 13 in Earth Magic
 15083 | Lair:6   | Entered Level 6 of the Lair of Beasts
 15190 | Lair:6   | Noticed an entropy weaver
 15292 | Lair:5   | Killed an entropy weaver
 15308 | Lair:5   | HP: 4/83 [catoblepas/blast of calcifying dust (4)]
 15311 | Lair:5   | Gained mutation: Your large and strong wings let you fly indefinitely. [Gargoyle growth]
 15311 | Lair:5   | Reached XP level 14. HP: 6/90 MP: 15/25
 15611 | Lair:5   | Received a gift from Sif Muna
 16206 | Lair:6   | Found a staircase to the Slime Pits.
 16224 | Lair:6   | Found a viscous altar of Jiyva.
 16363 | Lair:6   | Reached skill level 1 in Fire Magic
 16498 | Lair:6   | Reached skill level 1 in Transmutations
 16842 | Lair:6   | Reached skill level 5 in Armour
 16924 | Lair:6   | Reached skill level 5 in Ice Magic
 17162 | Lair:6   | Noticed an entropy weaver
 17224 | Lair:6   | Killed an entropy weaver
 17417 | Lair:6   | Identified Sif Muna's Compendium of Conjuration (Sif Muna gifted it to you on level 6 of the Lair of Beasts)
 17417 | Lair:6   | Received a gift from Sif Muna
 17424 | Lair:6   | Learned a level 4 spell: Force Lance
 17563 | Lair:6   | Reached skill level 14 in Earth Magic
 17605 | Lair:6   | Reached XP level 15. HP: 96/96 MP: 27/27
 17779 | Lair:6   | Upgraded the game from 0.20-a0-1109-ge3cd172 to 0.20-a0-1114-g33edf32
 18013 | D:11     | Noticed Sonja
 18027 | D:11     | Killed Sonja
 18056 | D:11     | Noticed Erica
 18060 | D:11     | Killed Erica
 18070 | D:11     | Identified a scroll of acquirement
 18071 | D:11     | Got a pair of fine boots
 18082 | D:11     | Identified the +0 pair of boots of the Blessed Realm {rC- MR+++ Str+5 Slay-4} (You acquired it on level 11 of the Dungeon)
 18148 | D:11     | Reached skill level 1 in Translocations
 18164 | D:11     | Noticed Erolcha
 18671 | D:11     | Found a sparkling altar of Nemelex Xobeh.
 19043 | D:12     | Reached skill level 5 in Shields
 19189 | D:12     | Found a staircase to the Orcish Mines.
 19461 | Orc:1    | Entered Level 1 of the Orcish Mines
 19520 | Orc:2    | Entered Level 2 of the Orcish Mines
 19520 | Orc:2    | Found Gikasigu's General Store.
 19629 | Orc:2    | Bought a +0 mace of protection for 78 gold pieces
 19690 | Orc:2    | Found a staircase to the Elven Halls.
 19771 | Orc:2    | Found Waaqeed's Book Boutique.
 19911 | Orc:2    | Found Luguowuu's Antique Armour Emporium.
 19965 | Orc:2    | Bought a distressingly furry cloak for 285 gold pieces
 19965 | Orc:2    | Identified the +2 cloak of Ymov {*Contam +Inv rPois Stlth+} (You bought it in a shop on level 2 of the Orcish Mines)
 19998 | Orc:2    | Noticed an orc warlord
 20037 | Orc:1    | Noticed Urug
 20143 | Orc:1    | Killed Urug
 20359 | Orc:2    | Killed an orc warlord
 20504 | Orc:2    | Found Qotierch's Antique Weapon Shoppe.
 21053 | D:10     | Learned a level 6 spell: Iron Shot
 21173 | Shoals:1 | Entered Level 1 of the Shoals
 21189 | Shoals:1 | Identified the cursed +1 leather armour of the Tormentor {rCorr} (You found it on level 1 of the Shoals)
 21246 | Shoals:1 | Found a frozen archway.
 21309 | IceCv    | Entered an ice cave
 21537 | IceCv    | Got a scintillating granite ring
 21539 | IceCv    | Got a pair of spiked boots
 21553 | IceCv    | Noticed an Ice Fiend
 21691 | Shoals:1 | Identified the +2 pair of boots "Woytacawki" {rC+ MR- SInv} (You found it in an ice cave)
 22142 | Shoals:1 | Received a gift from Sif Muna
 22142 | Shoals:1 | Reached XP level 16. HP: 98/103 MP: 29/29
 22145 | Shoals:1 | Identified Sif Muna's Almanac of Creative Combat Magic (Sif Muna gifted it to you on level 1 of the Shoals)
 22840 | Shoals:2 | Noticed a kraken
 22861 | Shoals:2 | HP: 3/103 [tentacle[a kraken] (13)]
 22861 | Shoals:2 | Mangled by a tentacle

Vault maps used:
D:1:      lightli_arrival_lavapool
D:2:      grunt_gozag_breadcrumbs, chequers_ecumenical_altar_simple
D:3:      elyvilon_altar_4, kennysheep_generic_room_13, uniq_ijyb
D:4:      temple_statues, uniq_duvessa, uniq_menkaure
D:5:      first_bread
D:6:      xom_teletrap_fun
D:7:      grunt_temple_overflow_open, serial_bayou_lagoon_a
D:8:      nicolae_overflow_crystal_walls, grunt_livestock, uniq_grum
D:9:      zin_statuary, supply_closet_lemuel, tgw_fedhas
D:10:     dpeg_oklobed_lair, serial_shops, shop, basic_altar
D:11:     grunt_ministairs_15, nemelex_altar_shiori, uniq_erica, uniq_sonja,
          uniq_erolcha
D:12:     orc_0_dummy, evilmike_butchery
Temple:   dshaligram_water_room_temple
Lair:1:   grunt_megastairs_3
Lair:2:   uniq_gastronok
Lair:3:   enter_volcano_4, minmay_lair_oklob_chamber, grunt_megastairs_5
Lair:4:   elwin_shoals_entry_rocks, nicolae_spider_entry_orb_guardian,
          uniq_rupert
Lair:5:   hibernation_bobbens, infiniplex_staircase_pool_2, grunt_megastairs_1,
          lemuel_fruit_fields
Lair:6:   minmay_lair_end_enchanted_forest, slime_altar_1, minivault_29
Shoals:1: portal_ice_cave_entry_dragon
Shoals:2: nicolae_shoals_drake_roost, uniq_polyphemus, uniq_roxanne, uniq_nikola
Orc:1:    uniq_urug
Orc:2:    grunt_orc_gardens, grunt_orc_garden, grunt_orc_garden,
          grunt_orc_garden, grunt_orc_garden
IceCv:    ice_cave_caverns_03
Volcano:  kennysheep_volcano_temple

Skill      XL: |  1  2  3  4  5  6  7  8  9 10 11 12 13 14 15 |
---------------+----------------------------------------------+-----
Earth Magic    | 4 5 6 7 9 10 12 13 14 | 14.6
Dodging        | 2 3 4 5 6 |  6.9
Maces & Flails | 1 2 4 5 7 8 9 10 11 | 11.5
Fighting       | 1 2 3 4 6 7 8 |  8.5
Armour         | 1 2 3 4 5 |  5.1
Conjurations   | 1 2 3 4 5 7 8 9 10 11 12 | 12.3
Spellcasting   | 3 4 5 6 7 8 9 |  9.5
Stealth        | 3 4 5 6 |  6.4
Staves         | 3 |  3.7
Shields        | 2 3 4 9 |  9.5
Charms         | 2 3 |  3.1
Ice Magic      | 3 5 |  5.3
Fire Magic     | 2 |  2.0
Transmutations | 1 |  1.1
Translocations | 1 |  1.6
Invocations    | |  0.2
Evocations     | |  0.5

Action                   |  1- 3 |  4- 6 |  7- 9 | 10-12 | 13-15 | 16-18 || total
-------------------------+-------+-------+-------+-------+-------+-------++-------
Melee: Club              |    19 |       |       |       |       |       ||    19
       Mace              |   107 |   154 |       |       |       |       ||   261
       Flail             |       |       |   360 |   351 |   103 |       ||   814
       Quarterstaff      |       |       |       |   110 |       |       ||   110
       Morningstar       |       |       |       |       |  1076 |    89 ||  1165
       Staff             |       |       |       |       |     6 |       ||     6
Throw: Stone             |       |       |       |     1 |       |       ||     1
 Cast: Sandblast         |     6 |    31 |    24 |    35 |    64 |       ||   160
       Stone Arrow       |       |     1 |    24 |   134 |   287 |    10 ||   456
       Lee's Rapid Decon |       |       |       |       |    36 |       ||    36
       Sticky Flame      |       |       |       |       |    73 |       ||    73
       Ozocubu's Armour  |       |       |       |       |    12 |     1 ||    13
       Petrify           |       |       |       |       |    10 |     2 ||    12
       Passwall          |       |       |       |       |     4 |       ||     4
       Force Lance       |       |       |       |       |    18 |     6 ||    24
       Iron Shot         |       |       |       |       |     4 |     3 ||     7
Invok: Divine Energy     |       |       |     1 |       |       |       ||     1
       Channel Magic     |       |       |       |     1 |       |       ||     1
 Abil: Evoke Flight      |       |       |       |     1 |       |       ||     1
       Fly               |       |       |       |       |     2 |       ||     2
       Stop Flying       |       |       |       |       |     1 |       ||     1
Evoke: Wand              |       |       |       |     3 |    10 |       ||    13
       Lightning rod     |       |       |       |       |     1 |       ||     1
  Use: Scroll            |     1 |     2 |    10 |    12 |    26 |       ||    51
       Potion            |       |     1 |     1 |     9 |     1 |       ||    12
 Stab: Sleeping          |     5 |     4 |     6 |     8 |     7 |     1 ||    31
       Distracted        |       |       |     1 |     1 |       |       ||     2
       Confused          |       |       |       |     2 |       |       ||     2
       Petrified         |       |       |       |       |     6 |     7 ||    13
  Eat: Chunk             |     2 |     5 |    14 |    23 |    33 |     3 ||    80
       Royal jelly       |       |       |       |     1 |     2 |       ||     3
       Bread ration      |       |       |       |       |     1 |       ||     1
       Fruit             |       |       |       |       |     6 |       ||     6
Armor: Robe              |    36 |       |       |       |       |       ||    36
       Leather armour    |    12 |    61 |   215 |   245 |   594 |    68 ||  1195
Dodge: Dodged            |    87 |   100 |   246 |   305 |   809 |    95 ||  1642
       Deflected         |       |       |       |       |    12 |     2 ||    14
Block: Buckler           |       |       |       |    35 |   295 |    51 ||   381
       Shield            |       |       |       |       |   251 |       ||   251
